 Dungeon Crawl Stone Soup version 0.28.0-45-g0d030f2227 (webtiles) character file.

Game seed: 17882763648874421733

161 DearestLeader the Grasshopper (level 5, -1/43 HPs)
             Began as a Gnoll Warper on Apr 7, 2022.
             Slain by an orc priest
             ... wielding a +0 club
              (3 damage)
             ... on level 3 of the Dungeon.
             The game lasted 00:04:48 (3792 turns).

DearestLeader the Grasshopper (Gnoll Warper)        Turns: 3792, Time: 00:04:48

Health: -1/43      AC: 12    Str: 13    XL:     5   Next: 42%
Magic:  12/12      EV:  7    Int: 12    God:
Gold:   107        SH:  0    Dex: 11    Spells: 6/14 levels left

rFire   . . .      SeeInvis .   o - +0 war axe
rCold   . . .      Faith    .   (no shield)
rNeg    . . .      Spirit   .   s - +0 storm dragon scales
rPois   .          Reflect  .   r - +0 helmet
rElec   +          Harm     .   (no cloak)
rCorr   .          Rampage  .   (no gloves)
Will    .....                   (no boots)
Stlth   ..........              (no amulet)
HPRegen 0.14/turn               (no ring)
MPRegen 0.13/turn               (no ring)

@: no status effects
A: fangs 1, strong nose, distributed training
a: no special abilities


You were on level 3 of the Dungeon.
You visited 1 branch of the dungeon, and saw 4 of its levels.

You collected 107 gold pieces.

Inventory:

Hand Weapons
 a - a +0 hand axe
 o - a +0 war axe (weapon)
Missiles
 b - 3 silver boomerangs
 d - 5 boomerangs of dispersal
 m - 34 sling bullets
 n - a poisoned dart (quivered)
Armour
 r - a +0 helmet (worn)
 s - +0 storm dragon scales (worn)
Jewellery
 f - an amulet of faith
 q - a ring of ice
Scrolls
 c - a scroll of blinking
 i - a scroll of noise {unknown}
 j - 2 scrolls of teleportation
 k - a scroll of magic mapping {unknown}
 l - a scroll of vulnerability {unknown}
 p - a scroll of enchant weapon {unknown}
Potions
 e - 2 potions of curing {unknown}
 g - 2 potions of might
 h - a potion of resistance


   Skills:
 + Level 4.8 Fighting
 + Level 1.4 Short Blades
 + Level 1.4 Long Blades
 + Level 4.8 Axes
 + Level 1.4 Maces & Flails
 + Level 1.4 Polearms
 + Level 1.4 Staves
 + Level 1.4 Slings
 + Level 1.4 Bows
 + Level 1.4 Crossbows
 + Level 3.0 Throwing
 + Level 3.0 Armour
 + Level 4.8 Dodging
 + Level 1.4 Stealth
 + Level 1.4 Shields
 + Level 1.4 Unarmed Combat
 + Level 5.2 Spellcasting
 + Level 1.1 Conjurations
 + Level 1.1 Hexes
 + Level 1.1 Summonings
 + Level 1.1 Necromancy
 + Level 5.5 Translocations
 + Level 1.1 Transmutations
 + Level 1.1 Fire Magic
 + Level 1.1 Ice Magic
 + Level 1.1 Air Magic
 + Level 1.1 Earth Magic
 + Level 1.1 Poison Magic
 + Level 1.6 Invocations
 + Level 1.4 Evocations


You had 6 spell levels left.
You knew the following spells:

 Your Spells              Type           Power      Damage    Failure   Level
a - Blink                 Tloc           32%        N/A       65%         2
b - Gell's Gravitas       Tloc           16%        N/A       87%         3
c - Teleport Other        Tloc           16%        N/A       87%         3

Your spell library contained the following spells:

 Spells                   Type           Power      Damage    Failure   Level
 Lesser Beckoning         Tloc           16%        N/A       87%         3
 Corpse Rot               Necr/Air       10%        N/A       99%         2
 Poisonous Vapours        Pois/Air       10%        N/A       99%         2
 Inner Flame              Hex/Fire       5%         N/A       100%        3
 Cause Fear               Hex            2%         N/A       100%        4
 Manifold Assault         Tloc           16%        N/A       100%        5
 Discord                  Hex            2%         N/A       100%        8


Dungeon Overview and Level Annotations

Branches:
Dungeon (4/15)
 Temple: D:4-7

Altars:

Shops:
D:2 :


Innate Abilities, Weirdness & Mutations

You have very sharp teeth.
Your uncanny sense of smell can sniff out nearby items.
Your experience applies equally to all skills.


Message History

There is a stone staircase leading up, spattered with blood here.
The orc completely misses you. The orc hits you with a +0 mace.
You climb upwards.
Reactivating autopickup.
The orc hits you but does no damage. The orc closely misses you.
There is a stone staircase leading down here.
You hit the orc. You punch the orc, but do no damage. Your bite misses the orc.
The orc is moderately wounded.
You closely miss the orc. You slash the orc!
You kill the orc!
The orc hits you with a +0 mace. The orc hits you but does no damage.
You slash the orc!
You kill the orc!
You closely miss the orc. The orc barely misses you.
The orc priest casts a cantrip, but nothing happens.
You slash the orc!
You kill the orc!
The orc priest calls down the wrath of Beogh upon you.
You barely resist. You closely miss the orc priest.
The orc priest hits you from afar with a +0 trident!
The orc priest barely misses you.
The orc wizard casts a spell.
The orc wizard flickers and vanishes!
Deactivating autopickup; reactivate with Ctrl-A.
You hit the orc priest.
The orc priest is lightly wounded.
The orc priest hits you from afar with a +0 trident.
The orc priest hits you but does no damage.
You closely miss the orc priest.
The orc priest is lightly wounded.
The orc priest hits you from afar with a +0 trident.
The orc priest hits you with a +0 club.
You barely miss the orc priest.
The orc priest is lightly wounded.
The orc priest calls down the wrath of Beogh upon you.
Beogh smites you!
* * * LOW HITPOINT WARNING * * *
The orc priest hits you with a +0 club.
You die...

# ###..#.....#.##..#. #
#....###..#.##...## #
#.##..#..#.##..#..# #
###...##..##...##.# #
#...#..'.##..#.[#.. #
################### #
#.##.#.....#### # #
########)......##....#
# #
....{oo@8......รท####.#
# # ########).......#
#.# # # #8.......#
##.### #
#........###...## #
#8......_#....... #
############...## #
####........####.### #
#................# # #
#.##.#.####.###### #


You could see 2 orc priests.

Vanquished Creatures
  An orc wizard (D:4)
  A gnoll (D:2)
  3 adders
  An adder zombie (D:3)
  3 worms
  A dart slug (D:2)
  4 orcs (D:3)
  8 endoplasms
  5 giant cockroaches
  4 goblins
  12 hobgoblins
  4 jackals (D:1)
  4 quokkas
  3 ball pythons
  6 bats
  5 frilled lizards
  4 kobolds
  4 rats
73 creatures vanquished.

Vanquished Creatures (others)
  A hound skeleton (D:4)
1 creature vanquished.

Grand Total: 74 creatures vanquished

Notes
Turn   | Place    | Note
-------+----------+-------------------------------------------
     0 | D:1      | DearestLeader the Gnoll Warper began the quest for the Orb.
     0 | D:1      | Reached XP level 1. HP: 20/20 MP: 6/6
   242 | D:1      | Reached XP level 2. HP: 19/26 MP: 7/7
   876 | D:1      | Reached XP level 3. HP: 24/31 MP: 9/9
   883 | D:1      | Reached skill level 5 in Spellcasting
  1271 | D:2      | Found Kaon's Book Boutique.
  1316 | D:2      | Reached skill level 1 in Invocations
  1320 | D:2      | Learned a level 2 spell: Blink
  1324 | D:2      | Learned a level 3 spell: Gell's Gravitas
  1328 | D:2      | Learned a level 3 spell: Teleport Other
  1633 | D:2      | Reached skill level 1 in Short Blades
  1633 | D:2      | Reached skill level 1 in Long Blades
  1633 | D:2      | Reached skill level 1 in Maces & Flails
  1633 | D:2      | Reached skill level 1 in Polearms
  1633 | D:2      | Reached skill level 1 in Staves
  1633 | D:2      | Reached skill level 1 in Slings
  1633 | D:2      | Reached skill level 1 in Bows
  1633 | D:2      | Reached skill level 1 in Crossbows
  1633 | D:2      | Reached skill level 1 in Stealth
  1633 | D:2      | Reached skill level 1 in Shields
  1633 | D:2      | Reached skill level 1 in Unarmed Combat
  1633 | D:2      | Reached skill level 1 in Evocations
  1777 | D:2      | Reached XP level 4. HP: 27/38 MP: 11/11
  2451 | D:3      | Reached skill level 1 in Conjurations
  2451 | D:3      | Reached skill level 1 in Hexes
  2451 | D:3      | Reached skill level 1 in Summonings
  2451 | D:3      | Reached skill level 1 in Necromancy
  2451 | D:3      | Reached skill level 1 in Transmutations
  2451 | D:3      | Reached skill level 1 in Fire Magic
  2451 | D:3      | Reached skill level 1 in Ice Magic
  2451 | D:3      | Reached skill level 1 in Air Magic
  2451 | D:3      | Reached skill level 1 in Earth Magic
  2451 | D:3      | Reached skill level 1 in Poison Magic
  3454 | D:3      | Reached XP level 5. HP: 43/43 MP: 12/12
  3563 | D:3      | Found a faded altar of an unknown god.
  3792 | D:3      | HP: 2/43 [orc priest/divine providence (15)]
  3792 | D:3      | Slain by an orc priest

Illustrated notes

Levels and vault maps discovered:
D:1:      lightli_arrival_lavapool, layout_loops_cross
D:2:      layout_loops_ring, serial_shops, shop, st_stairs_14, minmay_puff
D:3:      minmay_razor_zed, layout_loops_ring, shapermc_ecumenical_altar_pompeii
D:4:      layout_layer_cave, temple_fountains, serial_shops, kennysheep_mini,
          uniq_sigmund

Skill      XL: |  1  2  3  4  5 |
---------------+----------------+-----
Spellcasting   | 5 |  5.2
Invocations    | 1 |  1.6
Short Blades   | 1 |  1.4
Long Blades    | 1 |  1.4
Maces & Flails | 1 |  1.4
Polearms       | 1 |  1.4
Staves         | 1 |  1.4
Slings         | 1 |  1.4
Bows           | 1 |  1.4
Crossbows      | 1 |  1.4
Stealth        | 1 |  1.4
Shields        | 1 |  1.4
Unarmed Combat | 1 |  1.4
Evocations     | 1 |  1.4
Conjurations   | 1 |  1.1
Hexes          | 1 |  1.1
Summonings     | 1 |  1.1
Necromancy     | 1 |  1.1
Transmutations | 1 |  1.1
Fire Magic     | 1 |  1.1
Ice Magic      | 1 |  1.1
Air Magic      | 1 |  1.1
Earth Magic    | 1 |  1.1
Poison Magic   | 1 |  1.1
Throwing       | 3 |  3.0
Armour         | 3 |  3.0
Fighting       | |  4.8
Axes           | |  4.8
Dodging        | |  4.8
Translocations | |  5.5

Action                   |  1- 3 |  4- 6 || total
-------------------------+-------+-------++-------
Melee: Hand axe          |   167 |    21 ||   188
       Bite              |    14 |    16 ||    30
       Punch             |     4 |     3 ||     7
       War axe           |       |   101 ||   101
Throw: Dart              |       |     3 ||     3
  Use: Scroll            |       |     3 ||     3
Armor: Leather armour    |     9 |       ||     9
       Chain mail        |   102 |    10 ||   112
       Storm dragon scal |       |    65 ||    65
Dodge: Dodged            |    62 |    52 ||   114
